 Dungeon Crawl Stone Soup version 0.20.0-15-g7f486f2 (webtiles) character file.

88 Merkmirnix the Chopper (level 4, -12/41 HPs)
             Began as a Minotaur Berserker on July 2, 2017.
             Was a Believer of Trog.
             Mangled by a gnoll
             ... wielding a +4 halberd
              (14 damage)
             ... on level 3 of the Dungeon.
             The game lasted 00:07:14 (2505 turns).

Merkmirnix the Chopper (Minotaur Berserker)         Turns: 2505, Time: 00:07:14

Health: -12/41     AC:  2    Str: 22    XL:     4   Next: 30%
Magic:  3/3        EV: 12    Int:  4    God:    Trog [**....]
Gold:   71         SH:  0    Dex: 10    Spells: 3/3 levels left

rFire    . . .     SeeInvis .   a - +0 hand axe
rCold    . . .     Gourm    .   (no shield)
rNeg     . . .     Faith    .   b - +0 animal skin
rPois    .         Spirit   .   (helmet restricted)
rElec    .         Reflect  .   (no cloak)
rCorr    .         Harm     .   (no gloves)
MR       .....                  (no boots)
Stlth    +.........             (no amulet)
Regen    0.2/turn               (no ring)
MPRegen  0.1/turn               (no ring)

@: drained
A: retaliatory headbutt, horns 2
a: Berserk, Trog's Hand, Burn Spellbooks, Renounce Religion


You were on level 3 of the Dungeon.
You worshipped Trog.
Trog was pleased with you.
You were hungry.

You visited 1 branch of the dungeon, and saw 3 of its levels.

You collected 71 gold pieces.

Inventory:

Hand Weapons
 a - a +0 hand axe (weapon)
Armour
 b - a +0 animal skin (worn)
Jewellery
 d - a cursed -2 ring of intelligence {unknown}
Wands
 o - a wand of clouds (5/9)
Scrolls
 f - a scroll of blinking {unknown}
 g - 2 scrolls of teleportation
 h - 3 scrolls of identify
 l - a scroll of remove curse {unknown}
 m - a scroll of recharging {unknown}
 n - a scroll of enchant armour {unknown}
 p - a scroll of amnesia {unknown}
 u - 3 scrolls of enchant weapon {unknown}
Potions
 e - a potion of berserk rage
 i - a potion of invisibility
 q - a potion of curing {unknown}
 s - a potion of brilliance {unknown}
 v - a potion of resistance {unknown}
Comestibles
 c - 2 bread rations
 j - 3 fruits
 k - 2 royal jellies
 r - 2 meat rations
 t - 2 chunks of flesh


   Skills:
 + Level 4.6(4.5) Fighting
 + Level 5.0(4.9) Axes
 + Level 2.5(2.4) Armour
 + Level 2.9 Dodging
 + Level 0.1 Stealth


You had 3 spell levels left.
You didn't know any spells.

Dungeon Overview and Level Annotations

Branches:
Dungeon (3/15)

Altars:
Elyvilon
Kikubaaqudgha
Trog
Xom
Yredelemnul
The Shining One


Innate Abilities, Weirdness & Mutations

You reflexively headbutt those who attack you in melee.
You have a pair of horns on your head.


Message History

The gnoll hits you from afar with an enchanted halberd!!
The gnoll closely misses you.
You closely miss the gnoll. Your headbutt misses the gnoll.
The gnoll is severely wounded.
The gnoll barely misses you. The gnoll hits you!
* * * LOW HITPOINT WARNING * * *
You hit the gnoll.
The gnoll is almost dead.
The gnoll barely misses you. The gnoll closely misses you.
You barely miss the gnoll. You headbutt the gnoll.
The gnoll is almost dead.
The gnoll hits you.
* * * LOW HITPOINT WARNING * * *
The gnoll barely misses you.
You slash the gnoll!
You kill the gnoll!
Trog accepts your kill.
Your base Axes skill increases to level 5!
The gnoll hits you from afar with an enchanted halberd!
You die...

##...... ..
###....... ...
.'....... #..
#....... #.#
#...... #.# ##.....
# #.# # ##...#
#g###.##(# ##'##
#.†@.....# #.#
#####.####
######.## ##.##
#........ #...#
#.###.... ###...###
#.##.....
#.......###.###....
#..................
#.......###.######.
###...### #.# #.


You could see a gnoll.

Vanquished Creatures
  A gnoll (D:3)
  2 adders
  A worm (D:2)
  2 dart slugs
  3 orcs (D:3)
  3 giant cockroaches
  5 goblins
  7 hobgoblins
  10 kobolds
  7 bats
  A frilled lizard (D:2)
  8 rats
50 creatures vanquished.

Notes
Turn   | Place    | Note
-------+----------+-------------------------------------------
     0 | D:1      | Merkmirnix the Minotaur Berserker began the quest for the Orb.
     0 | D:1      | Reached XP level 1. HP: 19/19 MP: 0/0
   363 | D:1      | Reached skill level 4 in Axes
   363 | D:1      | Reached XP level 2. HP: 22/27 MP: 1/1
   756 | D:2      | Found a glowing golden altar of the Shining One.
   756 | D:2      | Found a basalt altar of Yredelemnul.
   763 | D:2      | Found an ancient bone altar of Kikubaaqudgha.
   765 | D:2      | Found a faded altar of an unknown god.
   766 | D:2      | Found a bloodstained altar of Trog.
   863 | D:2      | Found a white marble altar of Elyvilon.
   940 | D:2      | Reached XP level 3. HP: 10/33 MP: 2/2
  1489 | D:2      | Reached ** piety under Trog
  1570 | D:2      | Found a shimmering altar of Xom.
  2272 | D:3      | Reached XP level 4. HP: 20/41 MP: 3/3
  2504 | D:3      | HP: 2/41 [gnoll (6)]
  2505 | D:3      | Reached skill level 5 in Axes
  2505 | D:3      | Mangled by a gnoll

Skill      XL: |  1  2  3  4 |
---------------+-------------+-----
Axes           | 4 5 |  5.0
Fighting       | 4 |  4.6
Armour         | |  2.5
Dodging        | |  2.9
Stealth        | |  0.1

Action                   |  1- 3 |  4- 6 || total
-------------------------+-------+-------++-------
Melee: Hand axe          |    97 |    20 ||   117
       Headbutt          |    10 |     5 ||    15
Invok: Trog's Hand       |     1 |       ||     1
  Use: Scroll            |     2 |       ||     2
       Potion            |     1 |       ||     1
 Stab: Sleeping          |       |     1 ||     1
  Eat: Chunk             |     3 |     1 ||     4
       Fruit             |     1 |       ||     1
Armor: Animal skin       |    14 |     3 ||    17
Dodge: Dodged            |    67 |    12 ||    79
